 Dungeon Crawl Stone Soup version 0.30-a0-883-g5ad918d (webtiles) character file.

Game seed: 2550964315465674371

11 Think the Ducker (level 2, -3/21 HPs)
             Began as an Octopode Fighter on Mar 17, 2023.
             Frozen to death by an endoplasm (4 damage)
             ... on level 1 of the Dungeon.
             The game lasted 00:00:49 (326 turns).

Think the Ducker (Octopode Fighter)                  Turns: 326, Time: 00:00:51

Health: -3/21      AC:  1    Str: 15    XL:     2   Next: 29%
Magic:  2/2        EV: 10    Int: 10    God:
Gold:   32         SH:  4    Dex: 11    Spells: 1/1 levels left

rFire   . . .      SeeInvis .    a - +0 long sword
rCold   . . .      Faith    .    b - +0 buckler
rNeg    . . .      Spirit   .    (helmet restricted)
rPois   .          Reflect  .    (no amulet)
rElec   .          Rampage  .    (no ring)
rCorr   .                        (no ring)
Will    .....                    (no ring)
Stlth   ++                       (no ring)
HPRegen 0.23/turn                (no ring)
MPRegen 0.08/turn                (no ring)
                                 (no ring)
                                 (no ring)

@: constricted
A: almost no armour, amphibious, 8 rings, camouflage 1, gelatinous body 1,
(nimble swimmer 1), tentacles
a: no special abilities


You were on level 1 of the Dungeon.
You visited 1 branch of the dungeon, and saw 1 of its levels.

You collected 32 gold pieces.

Inventory:

Hand Weapons
 a - a +0 long sword (weapon)
Missiles
 d - 4 boomerangs (quivered)
Armour
 b - a +0 buckler (worn)
Scrolls
 e - a scroll of enchant weapon {unknown}
 f - a scroll of identify {unknown}
Potions
 c - a potion of might


   Skills:
 - Level 3.0 Fighting
 - Level 2.0 Long Blades
 + Level 3.7 Dodging
 - Level 3.0 Shields


You had one spell level left.
You didn't know any spells.
Your spell library was empty.

Dungeon Overview and Level Annotations

Branches:
Dungeon (1/15)

Altars:


Innate Abilities, Weirdness & Mutations

You cannot wear most types of armour.
You are amphibious.
You can wear up to eight rings at the same time.
Your skin changes colour to match your surroundings (Stealth+).
Your rubbery body absorbs attacks. (AC +1, EV +1)
((You are camouflaged when in or above water. (Stealth+)))
You have tentacles for arms and can constrict up to eight enemies at once.


Message History

A frilled lizard comes into view.
The hobgoblin hits you.
You closely miss the hobgoblin. Your grab misses the hobgoblin.
The hobgoblin hits you. x2
You hit the hobgoblin. You grab the hobgoblin.
The hobgoblin is severely wounded.
You constrict the hobgoblin.
You kill the hobgoblin!
The kobold hits you with a +0 club.
You barely miss the kobold. You grab the kobold. You squeeze the kobold.
The kobold is severely wounded.
You constrict the kobold, but do no damage.
You block the kobold's attack.
You barely miss the kobold. You squeeze the kobold.
You kill the kobold!
An endoplasm comes into view.
The endoplasm hits you.
* * * LOW HITPOINT WARNING * * *
Things that are here:
a +0 club; a kobold corpse You barely miss the endoplasm.
The endoplasm barely misses you.
The ball python hisses angrily.
You hit the endoplasm.
The endoplasm is moderately wounded.
The endoplasm hits you.
* * * LOW HITPOINT WARNING * * *
You hit the endoplasm but do no damage.
The endoplasm is moderately wounded.
You block the endoplasm's attack. The ball python bites you.
* * * LOW HITPOINT WARNING * * *
You block the ball python's attack. The endoplasm hits you.
* * * LOW HITPOINT WARNING * * *
You barely miss the endoplasm.
The endoplasm is moderately wounded.
You block the ball python's attack. The ball python grabs you.
The ball python constricts you.
* * * LOW HITPOINT WARNING * * *
The endoplasm freezes you.
You are frozen.
You die...

.......>.........#.......#
.......#....##.#.#.......###
.......##......#.#..........
.......##.##.###.#..........
.......##......#.#.l.......S
.#.#....#...................
.#.####.##.#.........Kl.....
##.........##..SJ###.###....
######..).....#@# #.# ...
#######.##.# .[. ###....#.#
.... #...##.####.....
#...#⌠.⌠# #...... #...##.##
#....... ###.#⌠_⌠#
#######.## ##...# #....#⌠.⌠#
... ....#


You could see an endoplasm, a ball python and a frilled lizard.

Vanquished Creatures
  2 bats (D:1)
  2 endoplasms (D:1)
  A hobgoblin (D:1)
  2 kobolds (D:1)
  2 ball pythons (D:1)
  A frilled lizard (D:1)
  A rat (D:1)
11 creatures vanquished.

Notes
Turn   | Place    | Note
-------+----------+-------------------------------------------
     0 | D:1      | Think the Octopode Fighter began the quest for the Orb.
     0 | D:1      | Reached XP level 1. HP: 16/16 MP: 1/1
   206 | D:1      | Found a faded altar of an unknown god.
   216 | D:1      | Reached XP level 2. HP: 21/21 MP: 2/2
   326 | D:1      | HP: 1/21 [constriction (1)]
   326 | D:1      | Frozen to death by an endoplasm

Illustrated notes

Levels and vault maps discovered:
D:1:      dpeg_arrival_connections, layout_basic, ebering_ecumenical_altar_hall

Action                     || total
---------------------------++-------
  Melee: Long sword        ||    18
         Constrict         ||     5
         Tentacles         ||     4
         Punch             ||     1
  Throw: Boomerang         ||     2
   Stab: Sleeping          ||     1
  Dodge: Dodged            ||     3
  Block: Buckler           ||     4

Table legend: (Time is in decaauts)
 A = Elapsed time spent in this place.
 B = Non-inter-level travel time spent in this place.
 C = Inter-level travel time spent in this place.
 D = Time resting spent in this place.
 E = Time spent auto-exploring this place.
 F = Levels seen in this place.
 G = Mean time per level.
                   A        B        C        D        E       F      G
               +--------+--------+--------+--------+--------+-----+--------+
         Total |    332 |    332 |      0 |      0 |    253 |   1 |  332.0 |
       Dungeon |    332 |    332 |      0 |      0 |    253 |   1 |  332.0 |
               +--------+--------+--------+--------+--------+-----+--------+

Top non-repeatable levels by time:
     D:1: 332 daAuts
